 Dungeon Crawl Stone Soup version 0.27-a0-789-g6bb3289e1e (webtiles) character file.

Game seed: 14555971519044727754

173 robertstho the Shooter (level 5, 0/45 HPs)
             Began as a Minotaur Hunter on Mar 26, 2021.
             Slain by an ogre
             ... wielding a +0 giant club
              (14 damage)
             ... on level 4 of the Dungeon.
             The game lasted 00:04:14 (3152 turns).

robertstho the Shooter (Minotaur Hunter)            Turns: 3152, Time: 00:04:15

Health: 0/45       AC:  8    Str: 17    XL:     5   Next: 28%
Magic:  4/4        EV:  7    Int:  8    God:
Gold:   261        SH:  0    Dex: 11    Spells: 4/4 levels left

rFire    . . .     SeeInvis .   c - +2 halberd (protect)
rCold    . . .     Faith    .   (shield currently unavailable)
rNeg     . . .     Spirit   .   i - +0 chain mail
rPois    .         Reflect  .   (helmet restricted)
rElec    .         Harm     .   (no cloak)
rCorr    .         Rampage  .   (no gloves)
Will     .....                  (no boots)
Stlth    ..........             (no amulet)
HPRegen  0.15/turn              (no ring)
MPRegen  0.09/turn              (no ring)

@: no status effects
A: horns 2, retaliatory headbutt
a: no special abilities


You were on level 4 of the Dungeon.
You visited 1 branch of the dungeon, and saw 4 of its levels.

You collected 261 gold pieces.

Inventory:

Hand Weapons
 a - a +1 shortbow
 b - a +0 short sword
 c - a +2 halberd of protection (weapon)
 k - a +0 dagger of venom
Armour
 i - a +0 chain mail (worn)
Scrolls
 e - 4 scrolls of teleportation
 h - 3 scrolls of fog
 m - a scroll of magic mapping
 o - a scroll of fear
Potions
 d - 2 potions of brilliance {unknown}
 f - a potion of haste {unknown}
 g - a potion of ambrosia {unknown}
 j - 2 potions of curing {unknown}
 n - 2 potions of cancellation {unknown}


   Skills:
 * Level 3.2 Fighting
 + Level 0.1 Short Blades
 * Level 6.6 Bows
 + Level 1.8 Armour
 + Level 2.2 Dodging
 - Level 0.7 Stealth


You had 4 spell levels left.
You didn't know any spells.
Your spell library was empty.

Dungeon Overview and Level Annotations

Branches:
Dungeon (4/15)
 Temple: D:4-7

Altars:
Trog

Shops:
D:2 :   D:3 [


Innate Abilities, Weirdness & Mutations

You have a pair of horns on your head.
You reflexively headbutt those who attack you in melee.


Message History

The hobgoblin hits you.
You completely miss the hobgoblin. You headbutt the hobgoblin.
The hobgoblin is almost dead.
The hobgoblin hits you but does no damage.
You hit the hobgoblin.
You kill the hobgoblin!
You hit the hobgoblin but do no damage.
The hobgoblin is poisoned.
The hobgoblin hits you.
You hit the hobgoblin but do no damage. The hobgoblin closely misses you.
You furiously retaliate!
You headbutt the hobgoblin. You hit the hobgoblin.
The hobgoblin looks as sick as possible!
Your headbutt misses the hobgoblin.
The hobgoblin is severely wounded.
The hobgoblin hits you but does no damage.
You hit the hobgoblin but do no damage.
The hobgoblin looks as sick as possible!
The hobgoblin is almost dead.
You kill the hobgoblin!
You hit the ogre.
The ogre is poisoned.
The ogre is lightly wounded.
The ogre hits you with a +0 giant club!
Press: ? - help, v - describe, . - travel, g - get item Item here: a +2 halberd of protection.
The floor.
You see here a +0 flail.
You see here a +2 halberd of protection.
c - a +2 halberd of protection Your +0 dagger of venom stops dripping with poison.
Your +2 halberd of protection hums with potential!
c - a +2 halberd of protection (weapon)
The ogre hits you with a +0 giant club!
You slash the ogre!
Your weapon exudes an aura of protection.
The ogre is almost dead.
The ogre completely misses you.
Your chain mail prevents you from hitting the ogre.
The ogre is severely wounded.
The ogre hits you with a +0 giant club!
You die...

.# #.....>...# .#
#.........# .#
######.#### .##
#####.### ..#
#...#...# #.#
#.#.###.#
#.########)#.# #.#
#..gg.O....#.###.#
###รท#..#####...O@#
#.#...# #######
#.....# #.###.#
#.....# #######


You could see an ogre (poisoned).

Vanquished Creatures
  2 iguanas
  5 adders
  A worm (D:4)
  An adder skeleton (D:4)
  3 dart slugs
  3 ball pythons
  5 endoplasms
  3 giant cockroaches
  9 goblins
  7 hobgoblins
  6 kobolds
  4 quokkas
  9 bats
  3 frilled lizards (D:2)
  3 rats
64 creatures vanquished.

Notes
Turn   | Place    | Note
-------+----------+-------------------------------------------
     0 | D:1      | robertstho the Minotaur Hunter began the quest for the Orb.
     0 | D:1      | Reached XP level 1. HP: 18/18 MP: 0/0
    70 | D:1      | Reached XP level 2. HP: 25/25 MP: 1/1
   184 | D:1      | Reached skill level 5 in Bows
   543 | D:1      | Reached XP level 3. HP: 30/30 MP: 2/2
  1151 | D:2      | Found Usowaig's Book Boutique.
  1156 | D:2      | Reached XP level 4. HP: 38/38 MP: 3/3
  1159 | D:2      | Reached skill level 6 in Bows
  1686 | D:2      | Found a bloodstained altar of Trog.
  1928 | D:3      | Found Huvul's Armour Boutique.
  2259 | D:3      | Reached skill level 1 in Armour
  2764 | D:4      | Reached XP level 5. HP: 45/45 MP: 4/4
  3100 | D:4      | Noticed an ogre
  3152 | D:4      | Slain by an ogre

Illustrated notes

Levels and vault maps discovered:
D:1:      lemuel_arrival_cross, layout_loops_ring, serial_forest,
          infiniplex_forest_end_2, infiniplex_forest_zigzag_1,
          infiniplex_forest_zigzag_1, infiniplex_forest_lined_room_,
          infiniplex_forest_clump_small, infiniplex_forest_straight_1,
          infiniplex_forest_lined_3, infiniplex_forest_zigzag_1
D:2:      layout_loops_ring, lemuel_round_altar, serial_shops,
          nicolae_shop_behind_doors, minivault_5, kennysheep_generic_room_16
D:3:      layout_loops_ring, serial_shops, shop_coins
D:4:      layout_basic, serial_shops, kennysheep_mini_moat,
          minmay_misc_feat_ornament, minmay_misc_feat_five,
          nicolae_elemental_shop

Skill      XL: |  1  2  3  4 |
---------------+-------------+-----
Bows           | 5 6 |  6.6
Fighting       | 3 |  3.2
Armour         | 1 |  1.8
Short Blades   | |  0.1
Dodging        | |  2.2
Stealth        | |  0.7

Action                   |  1- 3 |  4- 6 || total
-------------------------+-------+-------++-------
Melee: Dagger            |       |    37 ||    37
       Short sword       |       |    14 ||    14
       Headbutt          |       |     8 ||     8
       Halberd           |       |     2 ||     2
 Fire: Shortbow          |    64 |    50 ||   114
  Use: Scroll            |       |     5 ||     5
Armor: Leather armour    |     3 |     8 ||    11
       Chain mail        |       |    15 ||    15
       Scale mail        |       |     4 ||     4
Dodge: Dodged            |     7 |    46 ||    53

Table legend: (Time is in decaauts)
 A = Elapsed time spent in this place.
 B = Non-inter-level travel time spent in this place.
 C = Inter-level travel time spent in this place.
 D = Time resting spent in this place.
 E = Time spent auto-exploring this place.
 F = Levels seen in this place.
 G = Mean time per level.
                   A        B        C        D        E       F      G
               +--------+--------+--------+--------+--------+-----+--------+
         Total |   3150 |   3060 |     90 |      0 |   2616 |   4 |  787.5 |
       Dungeon |   3150 |   3060 |     90 |      0 |   2616 |   4 |  787.5 |
               +--------+--------+--------+--------+--------+-----+--------+

Top non-repeatable levels by time:
     D:2: 1036 daAuts
     D:1: 883 daAuts
     D:3: 834 daAuts
     D:4: 395 daAuts
